Arrhythmia, chaotic female vampiric Convict ---- |..| --- --- ----- ---- --..| ---.--------.-- ------- ---- |...-- --..| |..------. |....--.--....--- |.....| |..-- --....-- |...| --..--..|.-. |...............| ---...---...| |......| --..-- |...^.@)...| --..............| ---.|......-- --......-- ---....-- --......Y@.-- ---...|........| |...|--.....----|........-----.......--- |.>--..|)..| |.--|.......-- -----.--- --.......||-...............----..| |.-------..| ---)| ----.-------.....| |.......|-.....--------...| |..| |.| |..-- |<..-- --- |....----- |......-|........| |...| ---- |.| |...-----[...| |.--.||..|-- ---..---|....---.--- ---.--- |.---- ---...|......| |.||.--..|.----..-- |.....||..+| |....| |....-- |.^........-- --- |.|-..)^*).%.....| ---..-----.--- --...---- |.....| --.--.|.---.---.| |.|........--....--- ---..| |....-- |......-- --...-- ----------.....| |.|....--.-----....| |....| |.....| --......| |..-- |......| |.|-...|--- --...---.---- ----.-- |-....-- |..| |.....-------.|---.---- |.......|.| --- ---.....| |.-- --....%.......-- |....--------..%....-- --.......| --- -----------...| ---..............|...| |....|.--- --.-- -----------------.-- --..---- --- --- ---- Arrhythmia the Jail-bird Experience level: 8 Strength: 18 Dexterity: 12 Constitution: 20 Intelligence: 9 Wisdom: 7 Charisma: 9 Health: 0(89) Energy: 42(42) AC: 8 Gold: 1152 Moves: 2561 Your Inventory: Coins $ - 1152 gold pieces Armor l - an [uncursed] +0 pair of hard shoes [iron] (being worn) r - a cursed -2 hard hat [dwarvish iron helm] (being worn) Scrolls k - a [blessed] scroll labeled TEMOV [of magic mapping] o - an [uncursed] scroll labeled HAPAX LEGOMENON [of scare monster] Potions j - an [uncursed] clear potion [of water] Rings g - a [cursed -3] sapphire ring [of gain constitution] Tools i - an [uncursed] towel n - an [uncursed] lock pick t - an [uncursed tallow] candle Spells known in the end: Name Level Category Fail Memory Your skills at the end: Fighting Skills Weapon Skills sling [Basic / Skilled] Spellcasting Skills Final Attributes: You were fervently aligned. Hunger level was 491. Your alignment was 11 / 22. Monster difficulty range was 0 - 6. Level difficulty was 5. You were immune to poison. You were immune to level-drain. You were immune to sickness. You could fly. You could survive without air. You regenerated. Your luck was zero. You are dead. Vanquished creatures: a freezing sphere a watchman 2 wolves a gold golem a dwarf lord 2 snakes a fire ant a pony 2 shriekers 8 gnome lords 2 gnomish wizards a straw golem 7 dwarves 3 hill orcs a rothe a monkey a werejackal 3 killer bees 2 hobbits a hobgoblin a yellow mold 41 gnomes 2 garter snakes 2 gnome zombies a gecko 7 jackals a fox 2 goblins 6 grid bugs a bat 2 lichens 2 kobold zombies 4 newts 114 creatures vanquished. Voluntary challenges: You left the true Path of Zen. You went without food. You were illiterate. You never hit with a wielded weapon. You put on armor 4 times. You never genocided any monsters. You never polymorphed an object. You never changed form. You used no wishes. You abstained from Elbereth's help. You encountered 1 bones level. You never used any Sokoban shortcuts. Dungeon overview: The Dungeons of Doom: levels 1 to 2 Level 1 a long staircase Level 2 stairs to The Gnomish Mines The Gnomish Mines: levels 3 to 7 Level 3 stairs to The Dungeons of Doom Level 5 <- You were here Level 6 some fountains History has recorded: On T:1 you entered the Dungeons of Doom to retrieve the Amulet of Yendor! On T:608 you advanced to experience level 2. On T:648 you reached level 2 of The Dungeons of Doom. On T:871 you reached level 1 of The Gnomish Mines. On T:896 you advanced to experience level 3. On T:899 you advanced to experience level 4. On T:912 you advanced to experience level 5. On T:1201 you advanced to experience level 6. On T:1247 you reached level 2 of The Gnomish Mines. On T:1486 you advanced to experience level 7. On T:1597 you reached level 3 of The Gnomish Mines. On T:1731 you reached level 4 of The Gnomish Mines. On T:1901 you reached level 5 of The Gnomish Mines. On T:1974 you advanced to experience level 8. Latest messages: [HP+1=24] The watchman wields a spear! [HP+1=25] The watchman thrusts her spear. The watchman hits! [HP-5=20] The watchman thrusts her spear. The watchman hits! [HP-5=15] [HP+1=16] [HP+1=17] There are several objects here. The ape hits! (2x) The ape bites! [HP-3=14] The ape hits! (2x) The ape bites! [HP-7=7] The watchman picks up a bow. The ape hits! (2x) The ape bites! You die... Final status: Goodbye Arrhythmia the Convict... You died in The Gnomish Mines on dungeon level 5 with 4735 points, and 1152 pieces of gold, after 2561 moves. You were level 8 with a maximum of 89 hit points when you died.